Construct Infanterie Kompanie
Construct Luftwaffe Kompanie
Infanterie Officer Quarters
Construct Panzer Kompanie
Selects Mechanized Battlegroup
Selects Wespe Self-propelled Artillery
Selects Zeroing Artillery Barrage
Zeroing Artillery Barrage
Wespe Self-propelled Artillery
Zeroing Artillery Barrage
Selects StuG Assault Group
Selects UNKNOWN (2160084)
Zeroing Artillery Barrage
Zeroing Artillery Barrage
Zeroing Artillery Barrage
Luftwaffe Officer Quarters
Zeroing Artillery Barrage
Wespe Self-propelled Artillery
Construct Panzergrenadier Kompanie